 Dungeon Crawl Stone Soup version 0.28-a0-909-g796cbd3a86 (webtiles) character file.

Game seed: 5890567597767142452

30 mainiacjoe the Insei (level 3, 25/27 HPs)
             Began as a Djinni Transmuter on Nov 24, 2021.
             Quit the game on level 2 of the Dungeon.
             The game lasted 00:03:16 (1467 turns).

mainiacjoe the Insei (Djinni Transmuter)            Turns: 1467, Time: 00:03:17

Health: 25/27      AC:  2    Str: 10    XL:     3   Next: 37%
Gold:   40         EV: 12    Int: 14    God:
                   SH:  0    Dex: 13

rFire   + + .      SeeInvis .     - Unarmed
rCold   . . .      Faith    .   (no shield)
rNeg    + . .      Spirit   .   a - +0 robe
rPois   ∞          Reflect  .   (no helmet)
rElec   .          Harm     .   (no cloak)
rCorr   .          Rampage  .   (no gloves)
Will    .....                   (boots unavailable)
Stlth   +.........              (no amulet)
HPRegen 0.09/turn               e - ring of protection from cold
MPRegen 0.00/turn               j - ring of positive energy

@: flying
A: sickness immunity, fire resistance 2, cold vulnerability 1, float, innate
caster, hp casting, extra vitality 1
a: no special abilities


You were on level 2 of the Dungeon.
You visited 1 branch of the dungeon, and saw 2 of its levels.

You collected 40 gold pieces.

Inventory:

Missiles
 c - 9 bolts
 d - 20 stones (quivered)
Armour
 a - a +0 robe (worn)
Jewellery
 e - a ring of protection from cold (left hand)
 j - a ring of positive energy (right hand)
Scrolls
 b - 4 scrolls of identify {unknown}
 f - a scroll of fog {unknown}
Potions
 g - a potion of flight {unknown}
 h - a potion of brilliance {unknown}
 i - a potion of heal wounds {unknown}


   Skills:
 + Level 1.6 Fighting
 - Level 2.1 Dodging
 * Level 3.7 Unarmed Combat
 + Level 1.9 Spellcasting


You couldn't memorise any spells.
You knew the following spells:

 Your Spells              Type           Power      Damage    Failure   Level
a - Beastly Appendage     Tmut           12%        N/A       11%         1
b - Wereblood             Tmut           6%         N/A       16%         2
c - Spider Form           Tmut/Pois      6%         N/A       32%         3
d - Ice Form              Ice/Tmut       6%         N/A       71%         4
e - Summon Small Mammal   Summ           24%        N/A       11%         1
Your spell library was empty.

Dungeon Overview and Level Annotations

Branches:
Dungeon (2/15)

Altars:

Shops:
D:1 [


Innate Abilities, Weirdness & Mutations

You are immune to sickness and miasma.
You are immune to poison.
Your flesh is very heat resistant. (rF++)
You are vulnerable to cold. (rC-)
You float through the air rather than walking.
You learn spells naturally, not from books.
Your magical power is your life essence.
You have superior vitality. (+4 HP)


Message History

The goblin is severely wounded.
The goblin shouts!
The goblin barely misses you.
The giant cockroach bites you but does no damage.
You hit the goblin.
You kill the goblin!
The giant cockroach bites you.
You hit the giant cockroach. You headbutt the giant cockroach.
You kill the giant cockroach!
You throw a stone.
The stone hits the goblin but does no damage.
You throw a stone. The stone closely misses the goblin.
You throw a stone. The stone misses the goblin.
Your horns disappear.
You punch the goblin!
You kill the goblin!
No target in view!
No target in view!
HP restored.
b - 4 scrolls labelled MEWAFA UDEV (gained 1)
Things that are here:
a +0 dagger; a goblin corpse
d - 17 stones (gained 2)
d - 18 stones (gained 1)
Things that are here:
a +0 dagger; a goblin corpse
d - 19 stones (gained 1)
d - 20 stones (gained 1)
Found a stone staircase leading up.
A goblin comes into view. It is wielding a +0 dagger.
The goblin shouts!
You hit the goblin.
The goblin is moderately wounded.
The goblin hits you with a +0 dagger.
You hit the goblin.
You kill the goblin!
No target in view!
No target in view!
No target in view!
Are you sure you want to abandon this character and quit the game? (Confirm with "yes".)

#.........# ..
+.........+ ..
.........# .
#.......#### ......
#..........# .....#
###.........# .....#
#...........# .....#
#....)@.....# .....#
......#......# ....#
######+# #......# ....+
......># #......# ....#
#.....###......#
....####..............#
......)...............#
......)..............<##
........................


There were no monsters in sight!

Vanquished Creatures
  4 ball pythons
  2 giant cockroaches
  5 goblins
  5 hobgoblins (D:1)
  2 jackals (D:1)
  A quokka (D:1)
  A bat (D:1)
  2 frilled lizards
  A kobold (D:2)
  4 rats (D:1)
27 creatures vanquished.

Notes
Turn   | Place    | Note
-------+----------+-------------------------------------------
     0 | D:1      | mainiacjoe the Djinni Transmuter began the quest for the
                  | Orb.
     0 | D:1      | Reached XP level 1. HP: 17/17 MP: 0/0
   260 | D:1      | Found Gorub's Antique Armour Boutique.
   271 | D:1      | Reached XP level 2. HP: 18/22 MP: 0/0
   961 | D:1      | Reached XP level 3. HP: 23/27 MP: 0/0
   961 | D:1      | Learned a level 1 spell: Summon Small Mammal
  1018 | D:1      | Found a faded altar of an unknown god.
  1467 | D:2      | Quit the game

Illustrated notes

Levels and vault maps discovered:
D:1:      lemuel_arrival_lava_pool, layout_basic,
          dreamdust_ecumenical_altar_angels_and_demons, serial_shops,
          nicolae_shop_overgrown_old_shop
D:2:      layout_basic, minmay_misc_feat_columns, minmay_misc_feat_roman

Action                   || total
-------------------------++-------
Melee: Unarmed           ||    75
       Headbutt          ||    11
Throw: Stone             ||    48
 Cast: Beastly Appendage ||    13
 Stab: Sleeping          ||     2
Armor: Robe              ||     7
Dodge: Dodged            ||    46

Table legend: (Time is in decaauts)
 A = Elapsed time spent in this place.
 B = Non-inter-level travel time spent in this place.
 C = Inter-level travel time spent in this place.
 D = Time resting spent in this place.
 E = Time spent auto-exploring this place.
 F = Levels seen in this place.
 G = Mean time per level.
                   A        B        C        D        E       F      G
               +--------+--------+--------+--------+--------+-----+--------+
         Total |   1465 |   1430 |     35 |      4 |   1223 |   2 |  732.5 |
       Dungeon |   1465 |   1430 |     35 |      4 |   1223 |   2 |  732.5 |
               +--------+--------+--------+--------+--------+-----+--------+

Top non-repeatable levels by time:
     D:1: 1330 daAuts
     D:2: 135 daAuts
